 Dungeon Crawl Stone Soup version 0.31-a0-345-g1ebeae05c6 (webtiles) character file.

Game seed: 14462199939786387483

2412 olmar the Basher (level 9, 0/79 HPs)
             Began as an Armataur Fighter on July 22, 2023.
             Was an Initiate of Gozag.
             Slain by a killer bee (5 damage)
             ... on level 7 of the Dungeon on July 23, 2023.
             The game lasted 00:08:22 (6260 turns).

olmar the Basher (Armataur Fighter)                 Turns: 6260, Time: 00:08:23

Health: 0/79       AC: 11    Str: 26      XL:     9   Next: 23%
Magic:  9/9        EV: 11    Int:  8 (9)  God:    Gozag
Gold:   317        SH:  5    Dex:  3 (9)  Spells: 8/8 levels left

rFire   . . .        q - +0 flail (protect)
rCold   . . .        c - +1 buckler
rNeg    . . .        p - +0 chain mail
rPois   .            d - +0 helmet
rElec   .            (no cloak)
rCorr   .            (no gloves)
SInv    .            (no barding)
Will    .....        s - amulet of the acrobat Stlth
                     o - +5 ring of evasion
HPRegen 0.33/turn    (no ring)
MPRegen 0.11/turn

%: acrobat, roll
@: lethally poisoned (0 -> -1)
A: large, rugged brown scales 3, deformed body, armoured tail, roll, long
tongue, awkward tongue
a: Renounce Religion, Potion Petition, Call Merchant, Bribe Branch


You were on level 7 of the Dungeon.
You worshipped Gozag.
Gozag was aware of your devotion.
You visited 2 branches of the dungeon, and saw 8 of its levels.

You collected 417 gold pieces.
You paid 100 gold pieces to Gozag.

Inventory:

Hand Weapons
 a - a +0 flail
 q - a +0 flail of protection (weapon)
Armour
 b - a +0 scale mail
 c - a +1 buckler (worn)
 d - a +0 helmet (worn)
 p - a +0 chain mail (worn)
Jewellery
 o - a +5 ring of evasion (left hand)
 s - an amulet of the acrobat (around neck)
 B - an amulet of regeneration
Talismans
 n - a maw talisman
Wands
 x - a wand of charming (5)
 A - a wand of light (11)
Scrolls
 e - 2 scrolls of vulnerability {unknown}
 j - 3 scrolls of enchant armour
 l - a scroll of amnesia {unknown}
 m - 2 scrolls of poison {unknown}
 r - 2 scrolls of fog {unknown}
 w - a scroll of teleportation
 y - a scroll of revelation {unknown}
Potions
 f - a potion of brilliance
 g - 4 potions of cancellation
 h - a potion of curing {unknown}
 i - 2 potions of degeneration
 k - a potion of lignification
 t - 2 potions of enlightenment {unknown}
 u - a potion of invisibility {unknown}
 v - a potion of berserk rage {unknown}
 z - a potion of ambrosia {unknown}


   Skills:
 + Level 5.2 Fighting
 + Level 8.4 Maces & Flails
 + Level 0.1 Throwing
 + Level 8.0 Armour
 + Level 5.5 Shields


You had 8 spell levels left.
You didn't know any spells.
Your spell library contained the following spells:

 Spells                   Type           Power      Damage    Failure   Level
 Kiss of Death            Conj/Necr      0%         2d5       91%         1
 Sting                    Tmut/Pois      0%         1d3       91%         1
 Summon Small Mammal      Summ           0%         N/A       91%         1
 Ensorcelled Hibernation  Hex/Ice        0%         N/A       97%         2
 Poisonous Vapours        Pois/Air       0%         N/A       97%         2
 Static Discharge         Conj/Air       0%         2-2/arc   97%         2
 Call Canine Familiar     Summ           0%         N/A       99%         3
 Confusing Touch          Hex            0%         N/A       99%         3
 Summon Guardian Golem    Hex/Summ       0%         N/A       99%         3
 Airstrike                Air            0%         2d(0-16)  100%        4
 Anguish                  Hex/Necr       0%         N/A       100%        4
 Dispel Undead            Necr           0%         3d6       100%        4
 Olgreb's Toxic Radiance  Pois           0%         N/A       100%        4
 Summon Lightning Spire   Summ/Air       0%         N/A       100%        4


Dungeon Overview and Level Annotations

Branches:
Dungeon (7/15)             Temple (1/1) D:7

Altars:
Ashenzari
Cheibriados
Dithmenos
Elyvilon
Fedhas
Gozag
Hepliaklqana
Kikubaaqudgha
Makhleb
Nemelex Xobeh
Okawaru
Qazlal
Ru
Sif Muna
Trog
Uskayaw
Wu Jian
Xom
Yredelemnul
Zin
The Shining One

Shops:
D:1 (   D:2 :   D:7 :


Innate Abilities, Weirdness & Mutations

You are completely covered in rugged brown scales. (AC +3, +7% HP)
Armour fits poorly on your strangely shaped body.
You have a long armoured tail.
You roll when moving toward enemies. (Rampage)
Your long tongue fully drains potion bottles. (2x potion effects)
Your tongue gives you trouble enunciating. (1.5x scroll delay)


Message History

Unknown command.
You closely miss the killer bee.
The killer bee is no longer distracted by gold.
Your tail-slap misses the killer bee.
The killer bee is heavily wounded.
You feel sick.
Your killer bee misses the killer bee.
The killer bee stings you but does no damage.
The killer bee barely misses your killer bee.
Your killer bee misses the killer bee.
You block the killer bee's attack. The killer bee misses your killer bee.
You completely miss the killer bee.
The killer bee is severely wounded.
You feel sick.
Your killer bee stings the killer bee!
The killer bee dies!
The killer bee completely misses your killer bee.
Your killer bee stings the killer bee.
The killer bee completely misses your killer bee.
You feel your intelligence returning.
Your Armour skill increases to level 8!
You feel sick.
Your killer bee barely misses the killer bee.
The killer bee completely misses you.
Your killer bee closely misses the killer bee.
The killer bee closely misses you.
You see here 6 gold pieces.
Unknown command.
You completely miss the killer bee.
Your tail-slap misses the killer bee.
The killer bee is lightly wounded.
You feel sick.
Your killer bee misses the killer bee.
The killer bee barely misses you.
Your killer bee completely misses the killer bee.
The killer bee stings you.
* * * LOW HITPOINT WARNING * * *
You barely miss the killer bee.
The killer bee is lightly wounded.
You feel sick.
Your killer bee closely misses the killer bee.
The killer bee stings you.
You die...
Your body crumbles into a pile of gold.

.........# #.# .###.###.# #.#
.###.# #.# #.# .#...# #.#
##.## .#.#.###.# #...## #
.#....##.#######....### .##
......................# ...##
.........#######y...###.....#
##.#.##### #y@#.$.yy..8?..
.....)...# #.########...##
.#.#####.# #.# .# .#...###.#
#.# ......<..# #.# ####.#####
#.# #.# #.# ####.# #.# .....#
#.#


You could see a killer bee (ally target) and a friendly killer bee (charmed).

Vanquished Creatures
  A steam dragon (D:6)
  2 water moccasins
  4 ice beasts
  3 ogres
  3 centaurs
  Blork the orc (D:4)
  A gnoll sergeant (D:6)
  A scorpion (D:4)
  A killer bee (D:7)
  An electric eel (D:7)
  A howler monkey (D:4)
  A jelly (D:4)
  4 hounds
  4 orc priests
  3 iguanas
  Natasha (twice) (D:4)
  6 orc wizards
  Robin (D:2)
  7 gnolls
  10 adders
  2 white imps
  2 ufetubi (D:4)
  2 worms
  A dart slug (D:3)
  28 orcs
  2 bats
  4 endoplasms
  3 giant cockroaches (D:1)
  10 hobgoblins
  4 jackals (D:3)
  9 kobolds
  A quokka (D:1)
  5 ball pythons
  A frilled lizard (D:2)
  12 goblins
  5 rats
148 creatures vanquished.

Vanquished Creatures (collateral kills)
  A killer bee (D:7)
1 creature vanquished.

Vanquished Creatures (others)
  A killer bee (D:7)
1 creature vanquished.

Grand Total: 150 creatures vanquished

Notes
Turn   | Place    | Note
-------+----------+-------------------------------------------
     0 | D:1      | olmar the Armataur Fighter began the quest for the Orb.
     0 | D:1      | Reached XP level 1. HP: 19/19 MP: 1/1
   250 | D:1      | Found Ossikhlee's Weapon Shoppe.
   256 | D:1      | Reached XP level 2. HP: 27/27 MP: 2/2
   931 | D:2      | Noticed Robin
  1141 | D:2      | Killed Robin
  1142 | D:2      | Reached XP level 3. HP: 28/33 MP: 3/3
  1285 | D:2      | Found a hide-covered altar of Uskayaw.
  1631 | D:2      | Found Hisinue's Book Emporium.
  2007 | D:3      | Upgraded the game from 0.31-a0-344-gd109795599 to
                  | 0.31-a0-345-g1ebeae05c6
  2061 | D:3      | Reached XP level 4. HP: 40/40 MP: 4/4
  2546 | D:4      | Noticed Natasha
  2557 | D:4      | Killed Natasha
  2642 | D:4      | Reached XP level 5. HP: 35/48 MP: 5/5
  2734 | D:4      | Noticed an ice beast
  2751 | D:4      | Killed an ice beast
  2767 | D:4      | Reached XP level 6. HP: 37/55 MP: 6/6
  2860 | D:4      | Noticed Natasha
  2880 | D:4      | Killed Natasha
  2897 | D:4      | Noticed Blork the orc
  2915 | D:4      | Killed Blork the orc
  2916 | D:4      | Reached skill level 5 in Maces & Flails
  2916 | D:4      | Reached skill level 5 in Armour
  3076 | D:4      | Reached XP level 7. HP: 62/63 MP: 7/7
  3418 | D:5      | Entered Level 5 of the Dungeon
  3494 | D:5      | Found an iron altar of Okawaru.
  3918 | D:5      | Found a sacrificial altar of Ru.
  4097 | D:6      | Reached XP level 8. HP: 15/71 MP: 8/8
  4673 | D:6      | Reached skill level 5 in Shields
  5405 | D:7      | Found a glowing golden altar of the Shining One.
  5411 | D:7      | Found a glowing silver altar of Zin.
  5460 | D:7      | Reached skill level 5 in Fighting
  5579 | D:7      | Found a staircase to the Ecumenical Temple.
  5688 | Temple   | Entered the Ecumenical Temple
  5726 | Temple   | Became a worshipper of Gozag Ym Sagoz the Greedy
  5993 | D:7      | Reached XP level 9. HP: 79/79 MP: 9/9
  6098 | D:7      | Found Etublalu's Book Shoppe.
  6260 | D:7      | Slain by a killer bee

Illustrated notes

Levels and vault maps discovered:
D:1:      lightli_arrival_isolated_outpost, layout_basic, serial_shops, shop
D:2:      layout_basic, serial_shops, nicolae_shop_waterfront, basic_altar,
          uniq_robin
D:3:      layout_basic
D:4:      layout_loops_cross, kennysheep_generic_room_14, uniq_natasha,
          uniq_blork_the_orc
D:5:      layout_basic, lemuel_doored_altar, okawaru_ov_weapons_minmay,
          dreamdust_gnoll_farm
D:6:      layout_basic, minivault_27, amcnicky_mini_rare_corridor_liquid,
          minmay_misc_feat_four_crosses
D:7:      layout_loops_corners, nicolae_overflow_squiral,
          minmay_temple_entry_gardened_gates, serial_shops, shop,
          hangedman_abyss_or_decor_passed, grunt_ministairs_14
Temple:   minmay_crystal_spiral_temple

Skill      XL: |  1  2  3  4  5  6  7  8  9 |
---------------+----------------------------+-----
Fighting       | 3 4 5 |  5.2
Armour         | 4 5 7 8 |  8.0
Maces & Flails | 2 3 4 5 6 8 |  8.4
Shields        | 4 5 |  5.5
Throwing       | |  0.1

Action                     |  1- 3 |  4- 6 |  7- 9 || total
---------------------------+-------+-------+-------++-------
  Melee: Flail             |   120 |   134 |   319 ||   573
         Tailslap          |    13 |    14 |    43 ||    70
         Unarmed           |       |    11 |       ||    11
  Throw: Throwing net      |       |       |     1 ||     1
  Evoke: Wand              |       |       |     5 ||     5
    Use: Scroll            |     4 |       |     2 ||     6
         Potion            |     1 |       |     6 ||     7
 Armour: Scale mail        |    49 |       |       ||    49
         Chain mail        |    11 |    87 |   169 ||   267
         Skin              |       |    18 |     3 ||    21
  Dodge: Dodged            |    55 |   140 |   194 ||   389
  Block: Buckler           |    22 |    41 |    76 ||   139

Table legend: (Time is in decaauts)
 A = Elapsed time spent in this place.
 B = Non-inter-level travel time spent in this place.
 C = Inter-level travel time spent in this place.
 D = Time resting spent in this place.
 E = Time spent auto-exploring this place.
 F = Levels seen in this place.
 G = Mean time per level.
                   A        B        C        D        E       F      G
               +--------+--------+--------+--------+--------+-----+--------+
         Total |   6336 |   5995 |    341 |    443 |   4392 |   8 |  792.0 |
       Dungeon |   6259 |   5993 |    266 |    443 |   4392 |   7 |  894.1 |
        Temple |     76 |      1 |     75 |      0 |      0 |   1 |   76.0 |
               +--------+--------+--------+--------+--------+-----+--------+

Top non-repeatable levels by time:
     D:4: 1106 daAuts
     D:2: 1095 daAuts
     D:6: 1078 daAuts
     D:7: 1023 daAuts
     D:1: 755 daAuts
     D:5: 650 daAuts
     D:3: 550 daAuts
  Temple: 76 daAuts
